 Dungeon Crawl Stone Soup version 0.23.2-33-g5129a83184 (webtiles) character file.

Game seed: 5037245440764333525

44401 Honti the Earth Mage (level 14, 90/90 HPs)
             Began as a Gargoyle Earth Elementalist on June 10, 2019.
             Was a High Priest of Vehumet.
             Quit the game on level 6 of the Lair of Beasts on Aug 7, 2019.
             The game lasted 03:04:58 (27644 turns).

Honti the Earth Mage (Gargoyle Earth Elementalist) Turns: 27644, Time: 03:04:59

Health: 90/90      AC: 22    Str: 13    XL:     14   Next: 28%
Magic:  42/42      EV: 14    Int: 20    God:    Vehumet [*****.]
Gold:   1224       SH:  0    Dex: 10    Spells: 4/31 levels left

rFire    + . .     SeeInvis .   F - staff of power
rCold    + . .     Gourm    .   (no shield)
rNeg     + . .     Faith    +   P - +1 robe {MR+}
rPois    ∞         Spirit   .   J - +2 helmet
rElec    +         Reflect  .   (no cloak)
rCorr    .         Harm     .   S - +2 pair of gloves
MR       ++...                  H - +1 pair of boots
Stlth    ++........             h - amulet of faith
HPRegen  0.25/turn              q - ring of protection from fire
MPRegen  0.28/turn              c - ring of protection from cold

@: no status effects
A: big wings, rugged brown scales 1, negative energy resistance 1, electricity
resistance, unbreathing, petrification resistance, rot immunity, AC +10
a: Fly, Renounce Religion


You were on level 6 of the Lair of Beasts.
You worshipped Vehumet.
Vehumet was extremely pleased with you.
You were not hungry.

You visited 3 branches of the dungeon, and saw 20 of its levels.
You also visited: Sewer and Ice Cave.

You collected 1224 gold pieces.

Inventory:

Hand Weapons
 i - a +2 dagger of venom
Missiles
 u - 171 stones (quivered)
Armour
 H - a +1 pair of boots (worn)
 J - a +2 helmet (worn)
 P - a +1 robe of magic resistance (worn)
 S - a +2 pair of gloves (worn)
Magical Staves
 o - an uncursed staff of earth
 F - an uncursed staff of power (weapon)
 G - an uncursed staff of wizardry
Jewellery
 b - an uncursed ring of resist corrosion
 c - a ring of protection from cold (right hand)
 h - an amulet of faith (around neck)
 k - a +2 ring of intelligence
 q - a ring of protection from fire (left hand)
 w - an uncursed ring of ice
 z - a +5 ring of dexterity
 Q - an uncursed ring of protection from cold
Wands
 e - a wand of clouds (4)
 s - a wand of flame (45)
 t - a wand of disintegration (2)
 R - a wand of acid (6)
Scrolls
 a - 4 scrolls of enchant weapon
 g - 9 scrolls of remove curse
 r - 2 scrolls of enchant armour
 v - a scroll of vulnerability
 C - a scroll of blinking {unknown}
 E - a scroll of holy word {unknown}
 K - a scroll of torment {unknown}
 L - a scroll of magic mapping
 M - 2 scrolls of amnesia {unknown}
 O - 3 scrolls of fog
Potions
 j - 6 potions of heal wounds
 l - a potion of mutation
 m - 12 potions of curing
 n - 2 potions of might
 p - 2 potions of cancellation
 x - 5 potions of agility
 A - 4 potions of lignification
 B - a potion of invisibility
 D - 2 potions of haste
 N - a potion of ambrosia
 T - a potion of brilliance {unknown}
Miscellaneous
 f - a fan of gales
 I - a phial of floods
Comestibles
 d - 26 rations
 U - 4 chunks of flesh


   Skills:
 + Level 10.7 Fighting
 + Level 6.4 Dodging
 - Level 2.1 Stealth
 + Level 9.4 Spellcasting
 - Level 8.5 Conjurations
 - Level 4.0 Translocations
 - Level 0.7 Transmutations
 * Level 8.1 Fire Magic
 - Level 3.4 Air Magic
 * Level 16.1 Earth Magic


You had 4 spell levels left.
You knew the following spells:

 Your Spells              Type           Power        Failure   Level  Hunger
a - Sandblast             Erth           ######       0%          1    None
b - Stone Arrow           Conj/Erth      ######       1%          3    None
c - Petrify               Tmut/Erth      #####...     2%          4    ###....
d - Mephitic Cloud        Conj/Pois/Air  ####....     1%          3    None
e - Lee's Rapid Deconstr  Erth           ######....   1%          5    #####..
f - Blink                 Tloc           N/A          2%          2    None
g - Bolt of Magma         Conj/Fire/Erth ######....   1%          5    #####..
h - Airstrike             Air            ###.......   5%          4    ###....

Your spell library contained the following spells:

 Spells                   Type           Power        Failure   Level  Hunger
 Lightning Bolt           Conj/Air       ####......   4%          5    #####..
 Apportation              Tloc           ####..       1%          1    None
 Magic Dart               Conj           ####         1%          1    None
 Passwall                 Tmut/Erth      #####...     1%          2    None
 Conjure Flame            Conj/Fire      #####...     1%          3    None
 Gell's Gravitas          Tloc           ####......   4%          3    None
 Animate Skeleton         Necr           N/A          8%          1    None
 Confusing Touch          Hex            #.....       8%          1    None
 Summon Small Mammal      Summ           #...         8%          1    None
 Call Imp                 Summ           #.......     11%         2    None
 Slow                     Hex            #.......     11%         2    None
 Confuse                  Hex            #.......     22%         3    None
 Yara's Violent Unravell  Hex/Tmut       ##........   41%         5    #####..
 Metabolic Englaciation   Hex/Ice        #.........   90%         5    #####..


Dungeon Overview and Level Annotations

Branches:
Dungeon (13/15)            Temple (1/1) D:4            Lair (6/6) D:8
 Shoals (0/4) Lair:2        Snake (0/4) Lair:4        Slime (0/5) Lair:5
    Orc (0/2) D:9
 Vaults: D:13-14

Altars:
Ashenzari
Cheibriados
Dithmenos
Elyvilon
Fedhas
Gozag
Hepliaklqana
Kikubaaqudgha
Makhleb
Nemelex Xobeh
Okawaru
Qazlal
Ru
Sif Muna
Vehumet
Wu Jian
Xom
Yredelemnul
Zin
The Shining One
Jiyva

Annotations:
D:5 Grinder
D:7 1 runed translucent door, Crazy Yiuf
D:10 exclusion: 2 downstairs
D:13 Snorg
Lair:3 1 runed translucent door, zuik's ghost, journeyman HOGl


Innate Abilities, Weirdness & Mutations

You are resistant to torment.
Your stone body is resilient. (AC +10)
You are immune to poison.
Your large and strong wings let you fly indefinitely.
You resist negative energy. (rN+)
You are resistant to electric shocks. (rElec)
You can survive without breathing.
You are immune to petrification.
You are immune to rotting.
You are partially covered in rugged brown scales. (AC +1, +3% HP)


Message History

Press ? for a list of commands and other information.
Unknown command.
Quiver which item? (- for none, * to show all) (? for menu, Esc to quit)
That's the wrong kind of item! (Use * to select it.) Quiver which item? (- for none, * to show all) (? for menu, Esc to quit)
Huh?
Quiver which item? (- for none, * to show all) (? for menu, Esc to quit)
Huh?
Quiver which item? (- for none, * to show all) (? for menu, Esc to quit)
That's the wrong kind of item! (Use * to select it.) Quiver which item? (- for none, * to show all) (? for menu, Esc to quit)
Okay, then.
Unknown command.
Quiver which item? (- for none, * to show all) (? for menu, Esc to quit)
Okay, then.
Unknown command.
Are you sure you want to abandon this character and quit the game? (Confirm with "yes".)
Okay, then.
Unknown command.
Are you sure you want to abandon this character and quit the game? (Confirm with "yes".)

..#.# #. ...#.#
... #...#. #...
P.....# #....
#.....####...#
#..........#
#..<....P#
#.#.......#
#...@..###
#..#......#
#...........#
#..#.........P#
#.#...##P##...#
#..... ###
#.... .....
.... ...# ...


There were no monsters in sight!

Vanquished Creatures
  Josephine (D:12)
  Erolcha (D:9)
  Harold (D:7)
  3 hydras
  A two-headed ogre (D:9)
  7 death yaks
  Nergalle (D:10)
  A fire crab (Lair:6)
  Pikel (D:4)
  A necromancer (IceCv)
  2 ugly things
  A cyclops (D:11)
  An elephant (Lair:3)
  An ice statue (IceCv)
  4 spiny frogs
  A torpor snail (Lair:3)
  Psyche (D:9)
  3 komodo dragons
  4 rime drakes
  8 ice devils (IceCv)
  A queen bee (D:12)
  A polar bear (Lair:4)
  6 trolls
  3 meliai (D:12)
  A hornet (D:12)
  5 blink frogs
  A dream sheep (Lair:1)
  A snapping turtle (Lair:2)
  7 hippogriffs
  2 shadows
  3 wraiths (D:12)
  A vampire (D:12)
  6 wyverns
  48 yaks
  4 basilisks
  A hungry ghost (D:12)
  6 water moccasins
  4 porcupines
  An eye of draining (D:12)
  4 orc warriors
  3 ice beasts
  A hornet zombie (D:5)
  2 black bears
  6 ogres
  A phantom (D:9)
  7 centaurs
  21 wolves
  A necrophage (D:10)
  9 crocodiles
  6 big kobolds
  14 bullfrogs
  2 gnoll sergeants
  6 scorpions
  25 killer bees
  7 wights
  2 howler monkeys (D:9)
  3 electric eels
  4 crimson imps
  A bullfrog zombie (D:7)
  2 hounds
  A quasit (D:10)
  3 bullfrog skeletons
  A draconian simulacrum (IceCv)
  6 jellies
  13 orc priests
  6 centaur skeletons
  13 orc wizards
  11 worker ants
  4 iguanas
  2 troll simulacra (IceCv)
  3 centaur simulacra (IceCv)
  A hound zombie (D:5)
  16 gnolls
  2 ogre simulacra (IceCv)
  4 river rats
  14 adders
  2 naga simulacra (IceCv)
  A shadow imp (D:6)
  5 oozes
  An adder skeleton (D:9)
  5 worms
  A dart slug (D:1)
  6 leopard geckos
  53 orcs
  6 ball pythons
  9 giant cockroaches
  10 goblins
  13 hobgoblins
  2 jackals (D:8)
  31 kobolds
  5 quokkas
  5 bats
  3 frilled lizards
  11 rats
  A bush (D:8)
  A fungus (Lair:6)
  3 plants
547 creatures vanquished.

Vanquished Creatures (others)
  A slave (D:5)
  A quokka (D:5)
  5 fungi
  3 plants (Lair:3)
10 creatures vanquished.

Grand Total: 557 creatures vanquished

Notes
Turn   | Place    | Note
-------+----------+-------------------------------------------
     0 | D:1      | Honti the Gargoyle Earth Elementalist began the quest for
                  | the Orb.
     0 | D:1      | Reached XP level 1. HP: 10/10 MP: 3/3
   143 | D:1      | Reached XP level 2. HP: 16/16 MP: 1/5
   156 | D:1      | Reached skill level 4 in Earth Magic
   336 | D:1      | Reached skill level 1 in Fighting
   418 | D:1      | Reached XP level 3. HP: 20/20 MP: 2/6
  1227 | D:1      | Reached XP level 4. HP: 7/26 MP: 3/7
  1753 | D:2      | Reached skill level 5 in Earth Magic
  1871 | D:2      | Learned a level 3 spell: Stone Arrow
  1876 | D:2      | Learned a level 4 spell: Petrify
  2207 | D:2      | Reached XP level 5. HP: 7/30 MP: 9/9
  2471 | D:2      | Reached skill level 1 in Conjurations
  3942 | D:4      | Noticed an ogre
  4040 | D:4      | Found a glowing drain.
  4068 | Sewer    | Entered a sewer
  4163 | Sewer    | Reached XP level 6. HP: 36/36 MP: 5/10
  4527 | Sewer    | Reached skill level 6 in Earth Magic
  4649 | Sewer    | Learned a level 3 spell: Mephitic Cloud
  4795 | D:4      | Reached XP level 7. HP: 39/41 MP: 8/12
  4963 | D:4      | Found a staircase to the Ecumenical Temple.
  4975 | Temple   | Entered the Ecumenical Temple
  5117 | Temple   | Became a worshipper of Vehumet
  5227 | D:4      | Reached skill level 7 in Earth Magic
  5801 | D:5      | Entered Level 5 of the Dungeon
  5823 | D:5      | Noticed Pikel
  5947 | D:4      | Killed Pikel
  5947 | D:4      | Reached skill level 5 in Conjurations
  5947 | D:4      | Reached skill level 8 in Earth Magic
  5947 | D:4      | Reached XP level 8. HP: 31/48 MP: 0/14
  6654 | D:5      | Noticed Grinder
  6967 | D:6      | Reached XP level 9. HP: 53/53 MP: 11/16
  6970 | D:6      | Reached * piety under Vehumet
  6970 | D:6      | Offered knowledge of Sting by Vehumet.
  7072 | D:6      | Reached skill level 5 in Fighting
  7072 | D:6      | Reached skill level 9 in Earth Magic
  7618 | D:6      | Found a blossoming altar of Fedhas.
  7662 | D:6      | Learned a level 5 spell: Lee's Rapid Deconstruction
  7814 | D:7      | Found a sparkling altar of Nemelex Xobeh.
  8014 | D:7      | Found a runed translucent door.
  8015 | D:7      | Noticed Crazy Yiuf
  8179 | D:7      | Noticed Harold
  8435 | D:7      | Found a burning altar of Makhleb.
  8464 | D:8      | Reached skill level 5 in Spellcasting
  8486 | D:8      | Reached ** piety under Vehumet
  8490 | D:8      | Offered knowledge of Searing Ray by Vehumet.
  8495 | D:8      | Noticed a death yak
  8498 | D:8      | Noticed a death yak
  8502 | D:8      | Noticed a death yak
  8747 | D:9      | Noticed a troll
  8750 | D:9      | Killed a troll
  8776 | D:9      | Noticed Erolcha
  8781 | D:9      | Killed Erolcha
  8781 | D:9      | Reached skill level 10 in Earth Magic
  8781 | D:9      | Reached XP level 10. HP: 60/60 MP: 4/18
  8785 | D:9      | Noticed Psyche
  8788 | D:9      | Killed Psyche
  8920 | D:9      | Learned a level 2 spell: Blink
  9112 | D:9      | Reached skill level 1 in Translocations
  9393 | D:9      | Reached skill level 11 in Earth Magic
  9494 | D:9      | Noticed a two-headed ogre
  9500 | D:9      | Killed a two-headed ogre
  9724 | D:8      | Offered knowledge of Inner Flame by Vehumet.
 10325 | D:8      | Reached *** piety under Vehumet
 10420 | D:8      | Found a staircase to the Lair.
 11177 | D:9      | Found a staircase to the Orcish Mines.
 11311 | D:9      | Reached XP level 11. HP: 64/67 MP: 7/20
 11545 | D:9      | Offered knowledge of Ignite Poison by Vehumet.
 11795 | D:10     | Entered Level 10 of the Dungeon
 11911 | D:10     | Reached skill level 12 in Earth Magic
 12650 | D:10     | Reached **** piety under Vehumet
 13416 | D:11     | Noticed a cyclops
 13600 | D:11     | Offered knowledge of Fulminant Prism by Vehumet.
 14687 | D:11     | Reached skill level 13 in Earth Magic
 14790 | D:11     | Noticed a cyan ugly thing
 14809 | D:11     | Noticed Nergalle
 14810 | D:11     | Killed a cyan ugly thing
 14810 | D:11     | Reached ***** piety under Vehumet
 14983 | D:10     | Offered knowledge of Bolt of Magma by Vehumet.
 14993 | D:10     | Learned a level 5 spell: Bolt of Magma
 15017 | D:10     | Killed Nergalle
 15017 | D:10     | Reached skill level 1 in Fire Magic
 15220 | D:11     | Killed a cyclops
 15715 | D:12     | Reached XP level 12. HP: 75/75 MP: 12/23
 15779 | D:12     | Noticed Josephine
 15785 | D:12     | Killed Josephine
 15928 | D:12     | Found a sacrificial altar of Ru.
 16133 | D:12     | Gained mutation: Your large and strong wings let you fly
                  | indefinitely. [potion of mutation]
 16133 | D:12     | Gained mutation: You are partially covered in rugged brown
                  | scales. (AC +1, +3% HP) [potion of mutation]
 16284 | D:12     | Reached skill level 14 in Earth Magic
 17328 | D:13     | Noticed Snorg
 17631 | D:8      | Noticed a death yak
 17637 | D:8      | Offered knowledge of Airstrike by Vehumet.
 17709 | D:8      | Reached skill level 5 in Fire Magic
 18207 | D:8      | Killed a death yak
 18874 | D:7      | Killed Harold
 18989 | D:8      | Killed a death yak
 18990 | D:8      | Killed a death yak
 18990 | D:8      | Reached skill level 5 in Dodging
 18990 | D:8      | Reached XP level 13. HP: 75/82 MP: 12/25
 19399 | Lair:1   | Entered Level 1 of the Lair of Beasts
 19952 | Lair:1   | Learned a level 4 spell: Airstrike
 19977 | Lair:1   | Got a jewelled scale mail
 19997 | Lair:1   | Found a frozen archway.
 20044 | IceCv    | Entered an ice cave
 20061 | IceCv    | Reached skill level 1 in Air Magic
 20177 | IceCv    | Reached skill level 15 in Earth Magic
 20930 | IceCv    | Identified the +3 scale mail "Veameh" {Str+2} (You found it
                  | on level 1 of the Lair of Beasts)
 21310 | Lair:1   | Offered knowledge of Freezing Cloud by Vehumet.
 21381 | Lair:1   | Reached skill level 10 in Fighting
 23669 | Lair:2   | Found a staircase to the Shoals.
 24629 | Lair:3   | Found a runed translucent door.
 24634 | Lair:3   | Noticed zuik's ghost (journeyman HOGl)
 24636 | Lair:3   | Identified the cursed +0 spear of Veurphento {pierce, +Rage
                  | Int+3}
 25096 | Lair:4   | Found a staircase to the Snake Pit.
 25580 | Lair:5   | Mutation became permanent: Your large and strong wings let
                  | you fly indefinitely. [Gargoyle growth]
 25580 | Lair:5   | Gained mutation: Your large and strong wings let you fly
                  | indefinitely. [Gargoyle growth]
 25580 | Lair:5   | Reached XP level 14. HP: 90/90 MP: 21/27
 26273 | Lair:5   | Found a viscous altar of Jiyva.
 26284 | Lair:5   | Offered knowledge of Lightning Bolt by Vehumet.
 27016 | Lair:5   | Found a staircase to the Slime Pits.
 27157 | Lair:6   | Entered Level 6 of the Lair of Beasts
 27159 | Lair:6   | Reached skill level 16 in Earth Magic
 27644 | Lair:6   | Upgraded the game from 0.23.2-30-g0e89c35649 to
                  | 0.23.2-33-g5129a83184
 27644 | Lair:6   | Quit the game

Skill      XL: |  1  2  3  4  5  6  7  8  9 10 11 12 13 14 |
---------------+-------------------------------------------+-----
Earth Magic    | 4 5 6 8 10 11 13 14 15 16 | 16.1
Fighting       | 1 2 3 4 6 7 8 9 10 | 10.7
Conjurations   | 2 3 5 6 8 |  8.5
Spellcasting   | 3 4 5 6 7 8 9 |  9.4
Translocations | 4 |  4.0
Dodging        | 3 5 6 |  6.4
Fire Magic     | 2 6 7 8 |  8.1
Air Magic      | 3 |  3.4
Stealth        | |  2.1
Transmutations | |  0.7

Action                   |  1- 3 |  4- 6 |  7- 9 | 10-12 | 13-15 || total
-------------------------+-------+-------+-------+-------+-------++-------
Melee: Unarmed           |    10 |       |       |       |       ||    10
       Dagger            |    16 |   104 |     3 |       |       ||   123
       Whip              |     1 |       |       |       |       ||     1
       Staff             |       |       |    59 |   145 |     4 ||   208
 Cast: Sandblast         |    38 |    79 |    96 |    75 |    56 ||   344
       Stone Arrow       |       |     4 |    35 |   215 |   149 ||   403
       Petrify           |       |       |     4 |     3 |     2 ||     9
       Mephitic Cloud    |       |       |     4 |     8 |     1 ||    13
       Lee's Rapid Decon |       |       |     6 |   105 |    24 ||   135
       Blink             |       |       |       |     3 |       ||     3
       Bolt of Magma     |       |       |       |    15 |   105 ||   120
       Airstrike         |       |       |       |       |     1 ||     1
Evoke: Wand              |       |       |     1 |     5 |     3 ||     9
       Fan of gales      |       |       |       |     1 |       ||     1
  Use: Scroll            |       |    10 |     8 |     7 |    12 ||    37
       Potion            |       |       |     3 |     4 |       ||     7
 Stab: Sleeping          |     2 |     6 |       |       |       ||     8
  Eat: Chunk             |     1 |     8 |     8 |    30 |    24 ||    71
       Ration            |       |     2 |     2 |    11 |     9 ||    24
Armor: Robe              |    15 |    33 |    21 |    41 |   101 ||   211
Dodge: Dodged            |    27 |    78 |    31 |    82 |   108 ||   326
